 Dungeon Crawl Stone Soup version 0.17.0-9-g801d43b (webtiles) character file.

123 HungrySpirit the Insei (level 5, 0/29 HPs)
             Began as an Octopode Transmuter on Nov 9, 2015.
             Succumbed to an adder's poison
             ... on level 2 of the Dungeon.
             The game lasted 00:03:16 (1921 turns).

HungrySpirit the Insei (Octopode Transmuter)        Turns: 1921, Time: 00:03:16

Health: 0/29       AC:  1    Str:  9    XL:     5   Next: 7%
Magic:  9/9        EV: 12    Int: 22    God:
Gold:   64         SH:  0    Dex: 12    Spells: 2 memorised, 6 levels left

rFire  . . .     SeeInvis .       - Unarmed
rCold  . . .     Clarity  .     (no shield)
rNeg   . . .     SustAt   .     (helmet restricted)
rPois  .         Gourm    .     (no amulet)
rElec  .         Spirit   .     (no ring)
rCorr  .         Warding  .     (no ring)
rMut   .         Stasis   .     (no ring)
MR     .....                    (no ring)
Stlth  ++........               (no ring)
                                (no ring)
                                (no ring)
                                (no ring)

@: brilliant, lethally poisoned (0 -> -4), appendage (expiring), not resistant
to hostile enchantments, unstealthy
A: almost no armour, amphibious, 8 rings, constrict 8, tentacle spike 3,
camouflage 1, breathe flames 1, deterioration 1, frail 1, gelatinous body 1,
evolution 1
a: End Transformation, Breathe Fire


You were on level 2 of the Dungeon.
You were hungry.
One of your tentacles had a temporary spike.
You visited 1 branch of the dungeon, and saw 2 of its levels.

You collected 64 gold pieces.

Inventory:

Missiles
 a - 46 arrows
Scrolls
 d - a scroll of fear {unknown}
 i - a scroll of recharging {unknown}
 j - 2 scrolls of remove curse {unknown}
Books
 b - a book of Changes

   Spells                             Type                      Level
   a - Beastly Appendage              Transmutation                1
   b - Sticks to Snakes               Transmutation                2
   c - Spider Form                    Transmutation/Poison         3
   d - Ice Form                       Ice/Transmutation            4
   e - Blade Hands                    Transmutation                5
Comestibles
 c - 2 bread rations
 f - a beef jerky
 k - 6 chunks of flesh


   Skills:
 - Level 1.0 Fighting
 - Level 2.0 Dodging
 * Level 4.3 Unarmed Combat
 + Level 2.6 Spellcasting
 * Level 3.3 Transmutations


You had 6 spell levels left.
You knew the following spells:

 Your Spells              Type           Power        Failure   Level  Hunger
a - Beastly Appendage     Trmt           ####..       1%          1    None
b - Sticks to Snakes      Trmt           ####......   1%          2    ##.....


Dungeon Overview and Level Annotations

Branches:
Dungeon (2/15)

Altars:
Ashenzari


Innate Abilities, Weirdness & Mutations

You cannot wear most types of armour.
You are amphibious.
You can wear up to eight rings at the same time.
You can use your tentacles to constrict eight enemies at once.
Your skin changes colour to match your surroundings (Stealth).
Your rubbery body absorbs attacks (AC +1).
One of your tentacles bears a large vicious spike.
You can breathe flames.
Your body sometimes deteriorates upon taking damage.
You are frail (-10% HP).
You evolve.


Message History

It was a potion of brilliance.
You feel clever all of a sudden.
* * * LOW HITPOINT WARNING * * *
You feel sick.
Drink which item? (? for menu, Esc to quit)
You feel extremely strange.
You feel frail.
Your magical essence is no longer linked to your wands.
You feel yourself wasting away.
There is a lethal amount of poison in your body!
There is a lethal amount of poison in your body!
There is a lethal amount of poison in your body!
You are feeling hungry.
* * * LOW HITPOINT WARNING * * *
You feel sick.
* * * LOW HITPOINT WARNING * * *
You feel sick.
Things that are here:
an adder corpse; a jackal skeleton You die...

.......##...(..###..###.#
.......##..........###..#
........................#
..............###....####
............###...#......
.........#......#....+...
.##...!...........##.#...
...........##.######...##
##....g#@####.######....#
...#.#.#.# #.#....#....#
.... #.#.# #........##.#
..# #...# ##.....รท###..
# #...# ##.....###.#
..... #....###... .#....
#.....###... ..#....
#..#........# ..
#.............#.#.##


There were no monsters in sight!

Vanquished Creatures
  Jessica (D:2)
  3 adders (D:2)
  2 gnolls (D:1)
  An ooze (D:1)
  2 worms (D:2)
  A giant gecko (D:2)
  A ball python (D:2)
  6 bats (D:1)
  2 giant cockroaches
  5 goblins
  5 hobgoblins
  3 kobolds (D:1)
  A quokka (D:2)
  4 giant newts
  2 jackals (D:2)
  4 rats
43 creatures vanquished.

Notes
Turn   | Place    | Note
--------------------------------------------------------------
     0 | D:1      | HungrySpirit the Octopode Transmuter began the quest for the Orb.
     0 | D:1      | Reached XP level 1. HP: 13/13 MP: 3/3
   248 | D:1      | Reached XP level 2. HP: 18/18 MP: 5/5
   469 | D:1      | Reached XP level 3. HP: 17/23 MP: 4/6
   927 | D:1      | Learned a level 2 spell: Sticks to Snakes
  1291 | D:2      | Noticed Jessica
  1300 | D:2      | Killed Jessica
  1300 | D:2      | Reached skill level 4 in Unarmed Combat
  1300 | D:2      | Reached XP level 4. HP: 28/28 MP: 5/7
  1737 | D:2      | Found a shattered altar of Ashenzari.
  1912 | D:2      | Reached XP level 5. HP: 5/33 MP: 6/9
  1913 | D:2      | Gained mutation: You can breathe flames. [potion of mutation]
  1913 | D:2      | Gained mutation: You evolve. [potion of mutation]
  1913 | D:2      | Gained mutation: You expend magic power (3 MP) to strengthen your wands. [potion of mutation]
  1916 | D:2      | Gained mutation: You are frail (-10% HP). [potion of mutation]
  1916 | D:2      | Lost mutation: You expend magic power (3 MP) to strengthen your wands. [potion of mutation]
  1916 | D:2      | Gained mutation: Your body sometimes deteriorates upon taking damage. [potion of mutation]
  1919 | D:2      | HP: 1/29 [poisoned by an adder]
  1921 | D:2      | Succumbed to an adder's poison

Action                   |  1- 3 |  4- 6 || total
-------------------------+-------+-------++-------
Melee: Unarmed           |    51 |    54 ||   105
 Cast: Beastly Appendage |    12 |     8 ||    20
  Use: Potion            |       |     4 ||     4
 Stab: Sleeping          |     3 |     3 ||     6
  Eat: Chunk             |     1 |     2 ||     3
